 Dungeon Crawl Stone Soup version 0.30-a0-739-gea05faddec (webtiles) character file.

Game seed: 3936616452546787324

473 BRD the Chopper (level 6, -5/49 HPs)
             Began as a Demonspawn Fighter on Feb 4, 2023.
             Slain by Edmund
             ... wielding a +2 dire flail of holy wrath
              (7 damage)
             ... on level 4 of the Dungeon.
             The game lasted 00:04:58 (3036 turns).

BRD the Chopper (Demonspawn Fighter)                Turns: 3036, Time: 00:04:58

Health: -5/49      AC:  9    Str: 18    XL:     6   Next: 83%
Magic:  6/6        EV:  9    Int:  9    God:
Gold:   163        SH:  5    Dex: 13    Spells: 5/5 levels left

rFire   + . .      SeeInvis .    a - +0 war axe
rCold   + . .      Faith    .    c - +0 buckler
rNeg    . . .      Spirit   .    b - +0 scale mail
rPois   .          Reflect  .    (helmet restricted)
rElec   .          Harm     .    (no cloak)
rCorr   .          Rampage  .    i - +0 pair of gloves
Will    .....                    (no boots) Stlth
                                 (no amulet)
HPRegen 0.28/turn                o - ring of protection from cold
MPRegen 0.10/turn                p - ring of protection from fire

@: no status effects
A: horns 1, molten scales 1, foul stench 1, powered by death 1
a: no special abilities


You were on level 4 of the Dungeon.
You visited 1 branch of the dungeon, and saw 4 of its levels.

You collected 163 gold pieces.

Inventory:

Hand Weapons
 a - a +0 war axe (weapon)
Armour
 b - a +0 scale mail (worn)
 c - a +0 buckler (worn)
 i - a +0 pair of gloves (worn)
 y - a +0 cloak
Jewellery
 g - a ring of magical power
 o - a ring of protection from cold (left hand)
 p - a ring of protection from fire (right hand)
 s - a ring of protection from cold
Wands
 q - a wand of charming (6)
 w - a wand of iceblast (10)
Scrolls
 h - a scroll of fear {unknown}
 j - a scroll of amnesia {unknown}
 k - 3 scrolls of identify {unknown}
 l - a scroll of vulnerability {unknown}
 r - 3 scrolls of magic mapping {unknown}
 t - a scroll of enchant armour {unknown}
 u - 2 scrolls of poison {unknown}
Potions
 d - a potion of cancellation {unknown}
 e - 5 potions of curing
 f - 3 potions of brilliance {unknown}
 m - 2 potions of lignification {unknown}
 n - 2 potions of heal wounds {unknown}
 v - a potion of mutation {unknown}
 x - 2 potions of resistance {unknown}
 z - 2 potions of flight {unknown}


   Skills:
 + Level 4.6 Fighting
 * Level 4.9 Axes
 - Level 2.6 Armour
 + Level 4.2 Shields


You had 5 spell levels left.
You didn't know any spells.
Your spell library contained the following spells:

 Spells                   Type           Power      Damage    Failure   Level
 Inner Flame              Hex/Fire       0%         N/A       99%         3
 Cause Fear               Hex            0%         N/A       100%        4
 Discord                  Hex            0%         N/A       100%        8


Dungeon Overview and Level Annotations

Branches:
Dungeon (4/15)
 Temple: D:4-7

Altars:
Cheibriados
Uskayaw

Annotations:
D:4 Edmund


Innate Abilities, Weirdness & Mutations

You have a pair of small horns on your head.
You are partially covered in molten scales. (AC +2)
You may rarely emit foul miasma when damaged in melee.
You regenerate a little health from kills.


Message History

You barely miss the worm. The worm bites you.
You barely miss the worm.
You hear the quick rusting of a distant drain.
The worm barely misses you.
You completely miss Edmund. Your headbutt misses Edmund.
You hit the worm but do no damage.
Edmund hits you with a +2 dire flail of holy wrath.
You convulse.
You barely miss Edmund. You hit the worm. Edmund barely misses you.
The worm bites you but does no damage.
You slash the worm! You headbutt the worm.
You kill the worm!
You hit Edmund. Edmund barely misses you.
Edmund hits you with a +2 dire flail of holy wrath!
You convulse!
You are too injured to fight recklessly!
You are too injured to fight recklessly!
You barely miss Edmund. You headbutt Edmund, but do no damage.
Edmund is lightly wounded.
Edmund hits you with a +2 dire flail of holy wrath.
You convulse.
It was a potion of curing.
You feel better.
Edmund says, "Everyone always remembers my brother. 'Who's Edmund?' they ask!"
Edmund hits you with a +2 dire flail of holy wrath.
You convulse.
You closely miss Edmund. You headbutt Edmund, but do no damage.
Edmund is lightly wounded.
Edmund hits you with a +2 dire flail of holy wrath.
You convulse.
You hit Edmund.
Edmund is lightly wounded.
Edmund hits you with a +2 dire flail of holy wrath.
* * * LOW HITPOINT WARNING * * *
You convulse!
* * * LOW HITPOINT WARNING * * *
You block Edmund's attack.
You barely miss Edmund. You headbutt Edmund.
Edmund is lightly wounded.
Edmund hits you with a +2 dire flail of holy wrath!
You die...

#.................
.....#####...########
..## ##..#.## ##
#..##..## #.
###.####..###### #.
#...# ##.......
#.##)######......##
##....##...>.###.###
#..@####.#######...#
#...@.# ##.....
#...#.## #...... #..
#. #...... ... ..
#...... .. ##.
####..... . .)
##........ ..
###..#......
##...##......


You could see Edmund.

Vanquished Creatures
  A black bear (D:4)
  A scorpion (D:4)
  A howler monkey (D:2)
  2 hounds (D:4)
  An iguana (D:4)
  4 gnolls (D:3)
  9 adders
  3 worms
  2 dart slugs
  2 orcs
  4 ball pythons
  6 bats
  5 endoplasms
  2 giant cockroaches
  6 goblins
  4 hobgoblins
  5 kobolds
  3 quokkas
  A frilled lizard (D:3)
  9 rats
71 creatures vanquished.

Notes
Turn   | Place    | Note
-------+----------+-------------------------------------------
     0 | D:1      | BRD the Demonspawn Fighter began the quest for the Orb.
     0 | D:1      | Reached XP level 1. HP: 18/18 MP: 1/1
   142 | D:1      | Gained mutation: You are partially covered in molten
                  | scales. (AC +2) [demonic ancestry]
   142 | D:1      | Reached XP level 2. HP: 21/24 MP: 2/2
   179 | D:1      | Found a faded altar of an unknown god.
   963 | D:2      | Gained mutation: You regenerate a little health from kills.
                  | [demonic ancestry]
   963 | D:2      | Reached XP level 3. HP: 27/29 MP: 3/3
  1055 | D:2      | Gained mutation: You may rarely emit foul miasma when
                  | damaged in melee. [demonic ancestry]
  1055 | D:2      | Reached XP level 4. HP: 22/36 MP: 4/4
  2023 | D:3      | Found a hide-covered altar of Uskayaw.
  2030 | D:3      | Found a snail-covered altar of Cheibriados.
  2137 | D:3      | Gained mutation: You have a pair of small horns on your
                  | head. [demonic ancestry]
  2137 | D:3      | Reached XP level 5. HP: 14/42 MP: 5/5
  2590 | D:4      | Noticed a black bear
  2599 | D:4      | Killed a black bear
  2600 | D:4      | Reached XP level 6. HP: 40/48 MP: 6/6
  3026 | D:4      | Noticed Edmund
  3035 | D:4      | HP: 2/49 [Edmund/+2 dire flail of holy wrath (8)]
  3036 | D:4      | Slain by Edmund

Illustrated notes

Levels and vault maps discovered:
D:1:      matt_arrival_los_fun, layout_basic,
          ebering_ecumenical_altar_abandoned, minmay_pentomino_v2
D:2:      layout_loops_ring, columned_hall_lemuel
D:3:      layout_loops_cross, amethyst_overflow_temple_binary,
          kennysheep_generic_room_13
D:4:      layout_rooms, portal_sewer_entry_e, uniq_edmund

Skill      XL: |  1  2  3  4  5  6 |
---------------+-------------------+-----
Axes           | 2 3 4 |  4.9
Shields        | 3 4 |  4.2
Fighting       | 4 |  4.6
Armour         | |  2.6

Action                     |  1- 3 |  4- 6 || total
---------------------------+-------+-------++-------
  Melee: War axe           |    88 |   152 ||   240
         Headbutt          |       |    21 ||    21
    Use: Potion            |       |     2 ||     2
 Armour: Scale mail        |    57 |    66 ||   123
  Dodge: Dodged            |    29 |    74 ||   103
  Block: Buckler           |    13 |    39 ||    52

Table legend: (Time is in decaauts)
 A = Elapsed time spent in this place.
 B = Non-inter-level travel time spent in this place.
 C = Inter-level travel time spent in this place.
 D = Time resting spent in this place.
 E = Time spent auto-exploring this place.
 F = Levels seen in this place.
 G = Mean time per level.
                   A        B        C        D        E       F      G
               +--------+--------+--------+--------+--------+-----+--------+
         Total |   3123 |   2997 |    126 |    147 |   2133 |   4 |  780.8 |
       Dungeon |   3123 |   2997 |    126 |    147 |   2133 |   4 |  780.8 |
               +--------+--------+--------+--------+--------+-----+--------+

Top non-repeatable levels by time:
     D:3: 934 daAuts
     D:1: 929 daAuts
     D:2: 794 daAuts
     D:4: 465 daAuts
